 Dungeon Crawl Stone Soup version 0.20.1-1-g8b1a95d (webtiles) character file.

817 Folque the Conjurer (level 7, -1/45 HPs)
             Began as an Octopode Wizard on Nov 15, 2017.
             Was an Initiate of Sif Muna.
             Killed by nerve-wracking pain
             ... invoked by 0x5F3759DF's ghost
              (10 damage)
             ... on level 5 of the Dungeon.
             The game lasted 00:20:22 (6169 turns).

Folque the Conjurer (Octopode Wizard)               Turns: 6169, Time: 00:20:23

Health: -1/45      AC:  1    Str:  6    XL:     7   Next: 94%
Magic:  2/14       EV: 13    Int: 23    God:    Sif Muna [......]
Gold:   104        SH:  0    Dex: 10    Spells: 8/16 levels left

rFire    . . .     SeeInvis .   h - +3 falchion (elec)
rCold    . . .     Gourm    .   (no shield)
rNeg     . . .     Faith    .   a - +0 hat
rPois    .         Spirit   .   (no amulet)
rElec    .         Reflect  .   (no ring)
rCorr    .         Harm     .   (no ring)
MR       .....                  (no ring)
Stlth    +++.......             (no ring)
Regen    0.2/turn               (no ring)
MPRegen  0.2/turn               (no ring)
                                (no ring)
                                (no ring)

@: no status effects
A: almost no armour, stealthy swim, amphibious, 8 rings, constrict 8, camouflage
1, gelatinous body 1
a: Renounce Religion


You were on level 5 of the Dungeon.
You worshipped Sif Muna.
Sif Muna was noncommittal.
You were very hungry.

You visited 2 branches of the dungeon, and saw 6 of its levels.

You collected 169 gold pieces.
You spent 65 gold pieces at shops.

Inventory:

Hand Weapons
 f - a +0 club
 g - a +0 spear
 h - a +3 falchion of electrocution (weapon)
 u - a +0 halberd
 w - a +0 blowgun
Missiles
 x - 8 poisoned needles
 z - a throwing net (quivered)
Armour
 a - a +0 hat (worn)
Jewellery
 t - an uncursed ring of ice
 v - an uncursed amulet of rage {unknown}
Scrolls
 e - a scroll of recharging
 j - 2 scrolls of blinking {unknown}
 k - a scroll of fear {unknown}
 m - a scroll of immolation {unknown}
 r - a scroll of enchant armour {unknown}
 s - a scroll of random uselessness {unknown}
 y - a scroll of identify
 C - 2 scrolls of magic mapping {unknown}
 D - 2 scrolls of fog {unknown}
Potions
 d - a potion of agility {unknown}
 i - 2 potions of curing
 l - a potion of cancellation {unknown}
 n - a potion of lignification {unknown}
 p - 2 potions of might {unknown}
 A - a potion of resistance {unknown}
 B - a potion of heal wounds
Books
 b - a book of Minor Magic

   Spells                             Type                      Level
   a - Magic Dart                     Conjuration                  1
   b - Blink                          Translocation                2
   c - Call Imp                       Summoning                    2
   d - Slow                           Hexes                        2
   e - Conjure Flame                  Conjuration/Fire             3
   f - Mephitic Cloud                 Conjuration/Poison/Air       3
Comestibles
 c - 5 bread rations
 o - a royal jelly
 q - 2 meat rations


   Skills:
 - Level 2.0 Fighting
 - Level 2.0 Dodging
 - Level 2.6 Stealth
 + Level 5.3 Spellcasting
 * Level 5.4 Conjurations
 - Level 1.0 Summonings
 - Level 1.0 Translocations
 - Level 4.4 Poison Magic


You had 8 spell levels left.
You knew the following spells:

 Your Spells              Type           Power        Failure   Level  Hunger
a - Magic Dart            Conj           ####         1%          1    None
b - Call Imp              Summ           ##......     9%          2    None
c - Blink                 Tloc           N/A          9%          2    None
d - Mephitic Cloud        Conj/Pois/Air  ###.....     7%          3    ##.....


Dungeon Overview and Level Annotations

Branches:
Dungeon (5/15)             Temple (1/1) D:4

Altars:
Cheibriados
Dithmenos
Fedhas
Gozag
Hepliaklqana
Kikubaaqudgha
Makhleb
Nemelex Xobeh
Okawaru
Qazlal
Ru
Sif Muna
Trog
Vehumet
Xom
Yredelemnul
Zin
The Shining One

Shops:
D:5 ***

Annotations:
D:5 0x5F3759DF's ghost, novice DENe


Innate Abilities, Weirdness & Mutations

You cannot wear most types of armour.
You are very stealthy in the water. (Stealth+)
You are amphibious.
You can wear up to eight rings at the same time.
You can use your tentacles to constrict eight enemies at once.
Your skin changes colour to match your surroundings (Stealth+).
Your rubbery body absorbs attacks. (AC +1, EV +1)


Message History

0x5F3759DF's ghost is almost destroyed.
Your white imp closely misses 0x5F3759DF's ghost.
There is an open door here. 0x5F3759DF's ghost casts a spell at you.
You struggle to resist.
Your white imp hits 0x5F3759DF's ghost but does no damage.
Casting: Magic Dart
Confirm with . or Enter, or press ? or * to list all spells.
Aiming: Magic Dart
Press: ? - help, Shift-Dir - straight line, f/p - 0x5F3759DF's ghost
Aim: 0x5F3759DF's ghost, wielding a weapon of speed (almost destroyed)
The magic dart hits 0x5F3759DF's ghost. 0x5F3759DF's ghost is almost destroyed.
Your white imp gestures at 0x5F3759DF's ghost.
The puff of frost misses 0x5F3759DF's ghost. 0x5F3759DF's ghost points at you and mumbles some strange words.
You struggle to resist. 0x5F3759DF's ghost gestures at you while chanting.
Pain shoots through your body!
You die...

#.# ##.# ##...## #.# ...##
##.....## #.## #..## ##.......##
#
..#..########...####.........####
...................'.........'...
.........####......#.........####
.###.###.# #..###.##...5...## # .
#.# #.# #..###.###.....## #.# #.#
#...@..# ##.W.## ..# #.# ##.##..#
##'## ### #.# #.##..# #.# #.#
#.##..# #.# #.# #.....# ##.## ..#
####W#####...## #.......W....#
#.#.##.#....#######
#.#.#.###..###.....


You could see 0x5F3759DF's ghost.

Vanquished Creatures
  A phantom (D:5)
  2 ogres
  An orc priest (D:4)
  An orc wizard (D:3)
  Jessica (D:3)
  5 worker ants
  A hound skeleton (D:5)
  9 gnolls
  7 adders
  A shadow imp (D:5)
  An adder skeleton (D:4)
  4 dart slugs
  4 leopard geckos
  7 orcs
  2 ball pythons
  7 bats
  5 giant cockroaches
  6 goblins
  3 hobgoblins (D:2)
  2 quokkas
  4 frilled lizards
  7 kobolds
  A leopard gecko skeleton (D:5)
  A quokka skeleton (D:4)
  25 rats
108 creatures vanquished.

Vanquished Creatures (collateral kills)
  2 orc priests (D:3)
  Terence (D:3)
  2 worker ants (D:4)
  5 adders
  2 gnolls (D:5)
  A leopard gecko (D:4)
  2 orcs (D:3)
  A giant cockroach (D:3)
16 creatures vanquished.

Grand Total: 124 creatures vanquished

Notes
Turn   | Place    | Note
-------+----------+-------------------------------------------
     0 | D:1      | Folque the Octopode Wizard began the quest for the Orb.
     0 | D:1      | Reached XP level 1. HP: 11/11 MP: 4/4
    20 | D:1      | Reached skill level 1 in Fighting
    30 | D:1      | Reached XP level 2. HP: 11/18 MP: 6/6
   825 | D:1      | Reached XP level 3. HP: 24/24 MP: 7/7
   833 | D:1      | Learned a level 2 spell: Call Imp
   836 | D:1      | Learned a level 2 spell: Blink
   840 | D:1      | Learned a level 3 spell: Mephitic Cloud
  1244 | D:1      | Reached skill level 1 in Poison Magic
  2262 | D:3      | Reached XP level 4. HP: 24/29 MP: 5/9
  2379 | D:3      | Noticed Terence
  2704 | D:3      | Killed Terence
  2804 | D:3      | Reached XP level 5. HP: 22/34 MP: 6/10
  2857 | D:3      | Noticed Jessica
  2867 | D:3      | Killed Jessica
  3282 | D:3      | Reached XP level 6. HP: 2/39 MP: 9/12
  3569 | D:3      | Found a shadowy altar of Dithmenos.
  4567 | D:4      | Reached XP level 7. HP: 24/45 MP: 4/13
  4737 | D:4      | Found a staircase to the Ecumenical Temple.
  4746 | Temple   | Entered the Ecumenical Temple
  4844 | Temple   | Became a worshipper of Sif Muna the Loreminder
  5237 | D:5      | Entered Level 5 of the Dungeon
  5579 | D:5      | Found Caudgh's General Store.
  5593 | D:5      | Found Ijecod Eghyp's General Store.
  5593 | D:5      | Found Jydaph's General Store.
  5604 | D:5      | Bought a potion of heal wounds for 65 gold pieces
  5668 | D:5      | Reached skill level 5 in Spellcasting
  5706 | D:5      | Reached skill level 5 in Conjurations
  6100 | D:5      | Noticed 0x5F3759DF's ghost (novice DENe)
  6169 | D:5      | Killed from afar by 0x5F3759DF's ghost

Skill      XL: |  1  2  3  4  5  6  7 |
---------------+----------------------+-----
Fighting       | 1 2 |  2.0
Poison Magic   | 1 2 3 4 |  4.4
Spellcasting   | 4 5 |  5.3
Conjurations   | 2 3 5 |  5.4
Dodging        | |  2.0
Stealth        | |  2.6
Summonings     | |  1.0
Translocations | |  1.0

Action                   |  1- 3 |  4- 6 |  7- 9 || total
-------------------------+-------+-------+-------++-------
Melee: Unarmed           |    30 |       |       ||    30
       Constrict         |    28 |    26 |    18 ||    72
       Tentacles         |    17 |     9 |     3 ||    29
       Club              |    20 |       |       ||    20
       Spear             |    62 |    63 |       ||   125
       Halberd           |       |    72 |       ||    72
       Falchion          |       |     6 |    78 ||    84
Throw: Throwing net      |       |     1 |       ||     1
 Cast: Magic Dart        |    10 |     2 |     6 ||    18
       Call Imp          |     2 |    10 |    10 ||    22
       Blink             |       |     6 |     3 ||     9
       Mephitic Cloud    |       |    13 |     5 ||    18
  Use: Scroll            |     1 |     5 |       ||     6
       Potion            |       |     2 |       ||     2
 Stab: Sleeping          |    13 |     3 |     2 ||    18
       Distracted        |     2 |     3 |       ||     5
       Confused          |       |     6 |     4 ||    10
  Eat: Chunk             |     3 |    10 |     4 ||    17
Armor: Skin              |     9 |    13 |     2 ||    24
Dodge: Dodged            |    45 |   101 |    42 ||   188
       Rpst.: Falchion   |       |       |    12 ||    12
